AoeStats
← Mr_Fox

Nomad

510039853Analyzed
4v4 RM · 2d ago on Sep 29, 2026· 43m 1s· 8 players
Game mode
Random Map
Map size
231×231
Population
200
Speed
Normal
Resources
Standard
Victory
Conquest
Starting age
Dark Age
Ending age
Imperial Age
RankedLock teamsTeams togetherTeam positionsShared explorationLock speedFull tech treeHidden civsTurbo modeCheats
Victory
Defeat
🇨🇳 Vietnamese · China
1512
+16
🇩🇪 Celts · Germany
1443
+19
🇨🇳 Persians · China
1383
+21
🇪🇪 Mongols · Estonia
1378
+21
🇬🇹 Inca · Guatemala
1546
-21
🇬🇹 Hindustanis · Guatemala
1542
-21
🇬🇹 Persians · Guatemala
1460
-18
🇬🇹 Spanish · Guatemala
1441
-17
hermelin*?
5:09 Loom
12:58 Feudal Age
13:44 Double-Bit Axe
14:45 Forging
15:00 Scale Mail Armor
15:38 Fishing Lines
17:39 Horse Collar
20:56 Castle Age
19:21 Scale Barding Armor
20:53 Stone Mining
20:53 Gold Mining
22:01 Bow Saw
22:36 Wheelbarrow
21:46 Town Watch
22:48 Medium Warships
23:31 Chain Mail Armor
23:51 Iron Casting
27:00 Gillnets
27:59 Gambesons
28:01 Arson
31:59 Imperial Age
33:36 Plate Mail Armor
35:32 Blast Furnace
35:16 Capped Ram
37:22 Elite Woad Raider
40:14 Conscription
40:26 Stronghold
43:59 Gold Shaft Mining
Persians
5:43 Loom
5:45 Loom
13:06 Feudal Age
11:23 Loom
13:41 Double-Bit Axe
13:51 Fishing Lines
14:03 Fishing Lines
19:24 Castle Age
17:18 Gold Mining
18:49 Wheelbarrow
21:52 Gillnets
22:22 Bow Saw
22:07 Fletching
23:13 Hand Cart
23:41 Bodkin Arrow
26:40 Husbandry
26:55 Bloodlines
26:45 Husbandry
27:49 Gold Shaft Mining
28:59 Ballistics
31:33 Thumb Ring
32:41 Nomads
32:42 Town Watch
32:53 Horse Collar
34:35 Heavy Plow
38:15 Imperial Age
36:48 Town Patrol
38:31 Padded Archer Armor
38:17 Elite Mangudai
39:19 Conscription
39:01 Bracer
39:48 Padded Archer Armor
40:52 Chemistry
41:51 Leather Archer Armor
42:05 Parthian Tactics
42:14 Parthian Tactics
42:21 Drill
enzoyin68
14:21 Feudal Age
15:10 Fishing Lines
15:21 Loom
17:51 Castle Age
16:07 Stone Mining
16:09 Gold Mining
17:12 Double-Bit Axe
18:09 Wheelbarrow
17:16 Horse Collar
19:28 Bow Saw
19:46 Gillnets
19:55 Fletching
20:05 Padded Archer Armor
20:45 Bodkin Arrow
23:12 Medium Warships
24:30 Ballistics
24:30 Heavy Plow
33:21 Thumb Ring
36:10 Imperial Age
34:00 Hand Cart
34:37 Stone Shaft Mining
34:36 Scale Mail Armor
34:52 Leather Archer Armor
34:48 Forging
35:29 Scale Barding Armor
35:35 Forging
35:32 Chatras
36:05 Treadmill Crane
36:35 Masonry
36:36 Squires
36:52 Chain Mail Armor
36:46 Husbandry
36:56 Bloodlines
38:03 Chemistry
36:25 Crossbowman
38:08 Chain Barding Armor
38:19 Plate Mail Armor
38:30 Iron Casting
37:56 Bracer
38:31 Paper Money
38:50 Crop Rotation
38:33 Elite Battle Elephant
40:44 Plate Barding Armor
征南大将军
3:13 Loom
14:38 Feudal Age
18:41 Castle Age
18:07 Double-Bit Axe
22:28 Bow Saw
28:12 Fletching
29:42 Gold Mining
31:45 Bodkin Arrow
33:28 Horse Collar
34:59 Heavy Plow
38:55 Wheelbarrow
41:17 Hand Cart
43:16 Ballistics
43:06 Masonry
42:54 Murder Holes
44:00 Gold Shaft Mining
LvSP| SteveAnd
5:34 Loom
12:43 Feudal Age
16:11 Wheelbarrow
15:26 Double-Bit Axe
16:21 Horse Collar
18:01 Gold Mining
21:30 Castle Age
20:17 Scale Barding Armor
22:14 Bloodlines
26:29 Husbandry
26:57 Stone Mining
28:03 Forging
30:28 Gold Shaft Mining
30:07 Heavy Plow
30:58 Bow Saw
32:34 Chain Barding Armor
36:15 Imperial Age
35:20 Iron Casting
35:54 Fletching
36:05 Padded Archer Armor
36:18 Heavy Camel Rider
Mr_Fox
4:15 Loom
13:49 Feudal Age
18:11 Castle Age
17:06 Double-Bit Axe
24:34 Town Watch
28:18 Horse Collar
29:53 Wheelbarrow
30:03 Gold Mining
33:50 Imperial Age
32:04 Heavy Plow
33:10 Scale Barding Armor
34:04 Bloodlines
33:55 Husbandry
34:16 Chain Barding Armor
33:50 Cavalier
35:43 Plate Barding Armor
35:45 Forging
39:40 Iron Casting
41:25 Chemistry
LvSP | DeathThunder
13:17 Feudal Age
17:01 Castle Age
15:09 Horse Collar
15:16 Double-Bit Axe
15:42 Champi Runner
16:08 Arson
16:25 Scale Mail Armor
17:36 Loom
17:33 Champi Warrior
18:14 Squires
18:33 Chain Mail Armor
23:03 Wheelbarrow
27:54 Fishing Lines
36:31 Imperial Age
37:11 Elite Champi Warrior
37:53 Squires
38:05 Forging
LvSP | DXOP3NK
5:34 Loom
13:23 Feudal Age
19:59 Castle Age
18:06 Scale Barding Armor
18:59 Forging
18:37 Double-Bit Axe
20:41 Husbandry
21:03 Chain Barding Armor
23:46 Bloodlines
25:24 Iron Casting
25:11 Gold Mining
29:53 Horse Collar
37:03 Imperial Age
35:30 Bow Saw
35:27 Heavy Plow
36:54 Ballistics
36:54 Cavalier
38:39 Chemistry
38:22 Wheelbarrow
38:33 Town Watch
40:13 Medium Warships
40:30 Light Cavalry
42:56 Hussar
Connection lost

Rejoining the realm…

Still unreachable

The connection could not be restored.

Session expired

The server has moved on; the page needs a fresh start.